 Dungeon Sprint DCSS version 0.24-a0-244-ga6a6ab7 (webtiles) character file.

Game seed: 2075679647729252966

2613 MikeHunt the Destroyer (level 9, 0/85 HPs)
             Began as a Grey Draconian Conjurer on Apr 12, 2019.
             Was a Follower of Vehumet.
             Slain by an ice devil (18 damage)
             ... summoned by an orc high priest
             ... in the Dungeon (Sprint III: "The Ten Rune Challenge").
             The game lasted 00:11:39 (2000 turns).

MikeHunt the Destroyer (Grey Draconian Conjurer)    Turns: 2000, Time: 00:11:40

Health: 0/85       AC: 12    Str: 10    XL:     9   Next: 34%
Magic:  0/24       EV: 16    Int: 19    God:    Vehumet [*.....]
Gold:   38         SH:  0    Dex: 12    Spells: 20/30 levels left

rFire    . . .     SeeInvis +   q - +0 dagger (venom)
rCold    . . .     Gourm    .   (no shield)
rNeg     . . .     Faith    .   (armour unavailable)
rPois    .         Spirit   .   (helmet restricted)
rElec    .         Reflect  .   (no cloak)
rCorr    .         Harm     .   (no gloves)
MR       +....     NoTele   +   (no boots)
Stlth    +++.......             (no amulet)
HPRegen  0.24/turn              (no ring)
MPRegen  0.19/turn              (no ring)

@: slowed, very slow
A: walk through water, unfitting armour, see invisible, magic resistance 1,
unbreathing, cold-blooded, AC +12
a: Renounce Religion


You were in the Dungeon.
You worshipped Vehumet.
Vehumet was aware of your devotion.
You were not hungry.

You visited 1 branch You collected 38 gold pieces.

Inventory:

Hand Weapons
 q - a +0 dagger of venom (weapon)
Scrolls
 a - 4 scrolls of remove curse {unknown}
 i - a scroll of torment {unknown}
 j - 3 scrolls of identify
 l - a scroll of holy word {unknown}
 m - a scroll of magic mapping {unknown}
Potions
 c - 2 potions of curing
 f - 2 potions of magic
 k - 3 potions of flight
 n - a potion of ambrosia {unknown}
 o - 3 potions of mutation
Comestibles
 b - 3 rations


   Skills:
 - Level 9.7 Fighting
 - Level 8.4 Dodging
 + Level 7.4 Stealth
 + Level 11.0 Spellcasting
 + Level 11.7 Conjurations


You had 20 spell levels left.
You knew the following spells:

 Your Spells              Type           Power        Failure   Level  Hunger
c - Dazzling Spray        Conj/Hex       ####..       1%          3    None
d - Iskenderun's Mystic   Conj           ######..     1%          4    ##.....
e - Magic Dart            Conj           ####         1%          1    None
r - Searing Ray           Conj           ######       1%          2    None

Your spell library contained the following spells:

 Spells                   Type           Power        Failure   Level  Hunger
 Sting                    Conj/Pois      ####         1%          1    None
 Conjure Flame            Conj/Fire      ####....     1%          3    None
 Mephitic Cloud           Conj/Pois/Air  ####....     4%          3    None
 Force Lance              Conj/Tloc      ####....     6%          4    ##.....
 Fulminant Prism          Conj/Hex       ####......   6%          4    ##.....
 Animate Skeleton         Necr           N/A          7%          1    None
 Apportation              Tloc           ##....       7%          1    None
 Confusing Touch          Hex            ##....       7%          1    None
 Summon Small Mammal      Summ           ##..         7%          1    None
 Blink                    Tloc           N/A          10%         2    None
 Call Imp                 Summ           ##......     10%         2    None
 Slow                     Hex            ##......     10%         2    None


Dungeon Overview and Level Annotations

Branches:
Dungeon (1/1)

Altars:
Cheibriados
Dithmenos
Elyvilon
Fedhas
Gozag
Hepliaklqana
Kikubaaqudgha
Makhleb
Nemelex Xobeh
Okawaru
Qazlal
Ru
Sif Muna
Trog
Uskayaw
Vehumet
Wu Jian
Xom
Yredelemnul
Zin
The Shining One
Beogh
Jiyva
Lugonu

Shops:
D (


Innate Abilities, Weirdness & Mutations

You can walk through water.
Your dull iron-grey scales are very hard. (AC +12)
You cannot fit into any form of body armour.
You can survive without breathing.
You are cold-blooded and may be slowed by cold attacks.
You have supernaturally acute eyesight. (SInv)
You are resistant to hostile enchantments. (MR+)


Message History

Casting: Iskenderun's Mystic Blast (safe; 1% risk of failure)
Confirm with . or Enter, or press ? or * to list all spells.
Aiming: Dazzling Spray (safe; 1% risk of failure)
Press: ? - help, Shift-Dir - straight line, f/p - orc high priest
Aim: an orc high priest, wielding a +0 long sword of electrocution (severely wounded)
The spray of energy hits the orc high priest!
The orc high priest is severely wounded.
The orc high priest mumbles some strange prayers to Beogh.
The orc high priest is healed somewhat.
The ynoxinul hits you.
The ice devil hits you but does no damage.
You hit the orc high priest but do no damage.
The orc high priest is poisoned.
The orc high priest is heavily wounded.
The ufetubus hits you. The ufetubus closely misses you.
The orc high priest closely misses you. The ufetubus completely misses you.
The ufetubus hits you but does no damage.
The ice devil hits you!
* * * LOW HITPOINT WARNING * * *
The ice devil freezes you!!
You feel yourself slow down.
You die...

▓...#......#####..#___#___#
▓..##.......#..#..#...#__)#
▓##.##.##...#..#..###)#'###
##.##.###).##'#..#........
▓#.####)##..###o..'.⌠.o....
▓.###..##.)####..o#...#####
▓#.....##.5###...)#.⌠.#__#.
###..##.43##.....#...#__#.
##..##..5@#).....#)###__#.
#..###..##o#.....#...#__#.
#..# #..#####....#___#__'.
▓▓▓▓ ▓▓▓▓ ▓▓▓▓▓▓▓▓▓▓▓▓▓▓


You could see an orc high priest, an ice devil, a ynoxinul and 2 ufetubi.

Vanquished Creatures
  Josephine (D)
  A deep elf mage (D)
  An orc sorcerer (D)
  A shadow (D)
  A spatial vortex (D)
  2 orc warriors (D)
  A necrophage (D)
  A water elemental (D)
  A scorpion (D)
  A jelly (D)
  A wizard (D)
  A necromancer (D)
  A kobold demonologist (D)
  3 humans (D)
  2 oozes (D)
  4 orcs (D)
  2 rats (D)
25 creatures vanquished.

Vanquished Creatures (others)
  2 draconian scorchers (D)
  6 hellions (D)
  A yaktaur (D)
9 creatures vanquished.

Grand Total: 34 creatures vanquished

Notes
Turn   | Place    | Note
-------+----------+-------------------------------------------
     0 | D        | MikeHunt the Draconian Conjurer began the quest for the
                  | Orb.
     0 | D        | Reached XP level 1. HP: 14/14 MP: 3/3
    36 | D        | Reached XP level 2. HP: 3/20 MP: 0/7
    95 | D        | Killed a yaktaur
   144 | D        | Killed a hellion
   145 | D        | Killed a hellion
   146 | D        | Killed a hellion
   154 | D        | Killed a white draconian scorcher
   180 | D        | Learned a level 2 spell: Searing Ray
   196 | D        | Killed a hellion
   210 | D        | Killed a hellion
   210 | D        | Killed a hellion
   289 | D        | Killed a white draconian scorcher
   344 | D        | Noticed a scorpion
   387 | D        | HP: 1/20 [human (5)]
   388 | D        | Reached skill level 5 in Spellcasting
   388 | D        | Reached skill level 5 in Conjurations
   388 | D        | Reached XP level 3. HP: 2/26 MP: 1/9
   505 | D        | Learned a level 3 spell: Dazzling Spray
   679 | D        | Killed a scorpion
   679 | D        | Reached XP level 4. HP: 32/33 MP: 6/12
   700 | D        | Gained mutation: You have supernaturally acute eyesight.
                  | (SInv) [potion of mutation]
   700 | D        | Gained mutation: You are resistant to hostile enchantments.
                  | (MR+) [potion of mutation]
   732 | D        | Noticed a water elemental
   740 | D        | Killed a water elemental
   740 | D        | Reached XP level 5. HP: 29/38 MP: 5/14
   749 | D        | Learned a level 4 spell: Iskenderun's Mystic Blast
   807 | D        | Found a radiant altar of Vehumet.
   807 | D        | Found a deep blue altar of Sif Muna.
   807 | D        | Found an ancient bone altar of Kikubaaqudgha.
   893 | D        | Found a basalt altar of Yredelemnul.
   893 | D        | Found a shadowy altar of Dithmenos.
   893 | D        | Found a sacrificial altar of Ru.
   893 | D        | Noticed a necrophage
   899 | D        | Killed a necrophage
   899 | D        | Reached XP level 6. HP: 44/44 MP: 4/17
   958 | D        | Noticed a shadow
   963 | D        | Killed a shadow
   963 | D        | Reached skill level 5 in Fighting
  1039 | D        | Found a glowing silver altar of Zin.
  1039 | D        | Found a glowing golden altar of the Shining One.
  1039 | D        | Found a white marble altar of Elyvilon.
  1039 | D        | Noticed a deep elf mage
  1044 | D        | Killed a deep elf mage
  1044 | D        | Your scales start taking on a dull iron-grey colour.
  1044 | D        | Reached XP level 7. HP: 58/68 MP: 10/19
  1044 | D        | Gained mutation: You can survive without breathing. [Grey
                  | Draconian growth]
  1103 | D        | Found a hide-covered altar of Uskayaw.
  1103 | D        | Found a roughly hewn altar of Beogh.
  1103 | D        | Found an iron altar of Okawaru.
  1103 | D        | Found a bloodstained altar of Trog.
  1103 | D        | Found an ornate altar of the Wu Jian Council.
  1103 | D        | Noticed a human
  1103 | D        | Noticed a human
  1110 | D        | Killed a human
  1110 | D        | Reached XP level 8. HP: 77/77 MP: 13/21
  1260 | D        | Found a blossoming altar of Fedhas.
  1260 | D        | Found a stormy altar of Qazlal.
  1261 | D        | Found a snail-covered altar of Cheibriados.
  1261 | D        | Found a burning altar of Makhleb.
  1261 | D        | Found a hazy altar of Hepliaklqana.
  1261 | D        | Found a shimmering altar of Xom.
  1261 | D        | Found an opulent altar of Gozag.
  1261 | D        | Found a sparkling altar of Nemelex Xobeh.
  1261 | D        | Found a corrupted altar of Lugonu.
  1261 | D        | Found a viscous altar of Jiyva.
  1335 | D        | Found Guisuhio's Antique Weapon Shoppe.
  1336 | D        | Noticed Josephine
  1352 | D        | Killed Josephine
  1352 | D        | Reached skill level 10 in Spellcasting
  1352 | D        | Reached XP level 9. HP: 42/84 MP: 6/23
  1358 | D        | Noticed an orc sorcerer
  1635 | D        | Became a worshipper of Vehumet
  1671 | D        | Noticed a rust devil
  1683 | D        | Noticed a red devil
  1688 | D        | Killed an orc sorcerer
  1753 | D        | Reached * piety under Vehumet
  1753 | D        | Offered knowledge of Sting by Vehumet.
  1981 | D        | Noticed an orc high priest
  1995 | D        | Noticed an ice devil
  2000 | D        | Slain by an ice devil

Levels and vault maps discovered:
D:        dungeon_sprint_mu [sprint_mu_entry_cave, sprint_mu_temple_rooms,
          sprint_mu_d1_horrors, sprint_mu_d2_genie, sprint_mu_d3_branching,
          sprint_mu_orc_legion, sprint_mu_elf_gauntlet, sprint_mu_hive_nellie,
          sprint_mu_lair_fedhas, sprint_mu_vaults_butterflies,
          sprint_mu_slime_circle, sprint_mu_swamp_cave, sprint_mu_snake_twists,
          sprint_mu_blade_basic, sprint_mu_crypt_lich, sprint_mu_tomb_spiral,
          sprint_mu_vestibule_basic, sprint_mu_gehenna_hellfire,
          sprint_mu_dis_giant, sprint_mu_tartarus_statrot,
          sprint_mu_cocytus_islands, sprint_mu_zot1]

Skill      XL: |  1  2  3  4  5  6  7  8  9 |
---------------+----------------------------+-----
Spellcasting   | 4 5 6 7 8 9 10 11 | 11.0
Conjurations   | 5 6 7 9 11 | 11.7
Fighting       | 8 9 |  9.7
Dodging        | 7 8 |  8.4
Stealth        | 6 7 |  7.4

Action                   |  1- 3 |  4- 6 |  7- 9 || total
-------------------------+-------+-------+-------++-------
Melee: Unarmed           |    14 |       |       ||    14
       Dagger            |       |       |    20 ||    20
       Tailslap          |       |       |     3 ||     3
 Cast: Magic Dart        |     4 |       |    13 ||    17
       Searing Ray       |     3 |     9 |    13 ||    25
       Iskenderun's Myst |       |     3 |     8 ||    11
       Dazzling Spray    |       |       |     8 ||     8
  Use: Potion            |       |     1 |     3 ||     4
       Scroll            |       |       |     1 ||     1
 Stab: Sleeping          |     2 |       |       ||     2
       Invisible         |       |       |     1 ||     1
  Eat: Chunk             |       |     1 |     1 ||     2
       Ration            |       |       |     1 ||     1
Armor: Skin              |     3 |       |    11 ||    14
Dodge: Dodged            |    10 |     8 |    38 ||    56

Table legend:
 A = Non-vault XP
 B = Vault XP
 C = Vault XP percentage of total XP
 D = Non-vault monster count
 E = Vault monster count
 F = Vault count percentage of total count
                 A         B        C        D         E       F
            +---------+---------+-------+---------+---------+-------
      Total |       0 |    3733 | 100.0 |       0 |      25 | 100.0
            +---------+---------+-------+---------+---------+-------
          D |       0 |    3733 | 100.0 |       0 |      25 | 100.0
            +---------+---------+-------+---------+---------+-------
